 Dungeon Crawl Stone Soup version 0.29-a0-834-g1e95ca9f62 (webtiles) character file.

Game seed: 2290875002489325783

245717 Mesmaeker13 the Black Belt (level 19, -4/132 HPs)
             Began as an Octopode Transmuter on July 11, 2022.
             Was an Elder of Ashenzari.
             Slain by a deep troll (8 damage)
             ... led by an ironbound preserver
             ... on level 1 of the Vaults on July 12, 2022.
             The game lasted 01:49:27 (32547 turns).

Mesmaeker13 the Black Belt (Octopode Transmuter)   Turns: 32547, Time: 01:49:28

Health: -4/132     AC:  4    Str: 16    XL:     19   Next: 48%
Magic:  48/51      EV: 17    Int: 26    God:    Ashenzari [****..]
Gold:   1957       SH:  0    Dex: 20    Spells: 9/37 levels left

rFire   + + .      SeeInvis +   e - staff of fire
rCold   + . .      Faith    .   (no shield)
rNeg    . . .      Spirit   .   o - +3 hat of Pondering {ponderous, Will+ MP+10 Int+5}
rPois   .          Reflect  .   n - amulet of Vitality {RegenMP++ Regen++, Comp, Self} (curse)
rElec   .          Harm     .   j - ring "Shattered Foul Odours" {rF+, Alch, Bglg} (curse)
rCorr   .          Rampage  .   p - ring of the Chained Sage {EV+4, Alch, Self} (curse)
Will    +++..      Clarity  +   r - ring of magical power
Stlth   +++.......              c - ring of Ouranomancy {Will+, Fort, Alch} (curse)
HPRegen 1.92/turn               m - ring of the Fated Irritation {Slay+4, Bglg, Melee} (curse)
MPRegen 1.12/turn               I - ring of the Gnostic Sky {Wiz, Self, Comp} (curse)
                                L - ring of the Sublime Sage {Str+6 Dex+6, Elem, Fort} (curse)
                                X - ring of protection from cold

@: about to teleport, slow
A: almost no armour, amphibious, 8 rings, camouflage 1, gelatinous body 1,
(nimble swimmer 1), tentacles
}: 2/15 runes: barnacled, gossamer
a: Renounce Religion, Curse Item, Shatter the Chains


You were on level 1 of the Vaults.
You worshipped Ashenzari.
Ashenzari was greatly pleased with you.
You visited 6 branches of the dungeon, and saw 32 of its levels.
You also visited: Ossuary, Bailey and Ice Cave.

You collected 4302 gold pieces.
You spent 2345 gold pieces at shops.

Inventory:

Missiles
 R - 7 curare-tipped darts (quivered)
Armour
 o - the +3 hat of Pondering (worn) {ponderous, Will+ MP+10 Int+5}
   (You found it on level 2 of the Dungeon)

   Int:       It affects your intelligence (+5).
   MP:        It affects your magic capacity (+10).
   Will:      It increases your willpower.
 s - a +1 kite shield of protection
 Q - an orb of energy
Magical Staves
 e - a staff of fire (weapon)
 M - a staff of air
Jewellery
 c - the cursed ring of Ouranomancy (on tentacle) {Will+, Fort, Alch}
   (You found it on level 5 of the Dungeon)

   [ring of willpower]

   Will:      It increases your willpower.
   It has a curse which improves the following skills: Fortitude: Shields.
   Alchemy:   Poison Magic and Transmutations.
 j - the cursed ring "Shattered Foul Odours" (left tentacle) {rF+, Alch, Bglg}
   (You found it on level 1 of the Dungeon)

   [ring of protection from fire]

   rF:        It protects you from fire.
   It has a curse which improves the following skills: Alchemy: Poison Magic and
   Transmutations.
   Beguiling: Conjurations, Hexes and Translocations.
 m - the cursed ring of the Fated Irritation (on tentacle) {Slay+4, Bglg, Melee}
   (You bought it in a shop on level 12 of the Dungeon)

   [ring of slaying]

   Slay:      It affects your accuracy & damage with ranged weapons and melee
   (+4).
   It has a curse which improves the following skills: Beguiling: Conjurations,
   Hexes and Translocations.
   Melee Combat: Short Blades, Long Blades, Axes, Maces & Flails, Polearms,
   Staves and Unarmed Combat.
 n - the cursed amulet of Vitality (around mantle) {RegenMP++ Regen++, Comp, Self}
   (You acquired it on level 2 of the Dungeon)

   [amulet of magic regeneration]

   It increases your rate of magic regeneration.
   Regen:     It increases your rate of health regeneration.
   It has a curse which improves the following skills: Companions: Summonings
   and Necromancy.
   Introspection: Fighting and Spellcasting.
 p - the cursed ring of the Chained Sage (right tentacle) {EV+4, Alch, Self}
   (You found it on level 2 of the Dungeon)

   [ring of evasion]

   EV:        It affects your evasion (+4).
   It has a curse which improves the following skills: Alchemy: Poison Magic and
   Transmutations.
   Introspection: Fighting and Spellcasting.
 r - a ring of magical power (on tentacle)
 I - the cursed ring of the Gnostic Sky (on tentacle) {Wiz, Self, Comp}
   (You found it on level 5 of the Dungeon)

   [ring of wizardry]

   It improves your spell success rate.
   It has a curse which improves the following skills: Introspection: Fighting
   and Spellcasting.
   Companions: Summonings and Necromancy.
 J - a ring of fire
 L - the cursed ring of the Sublime Sage (on tentacle) {Str+6 Dex+6, Elem, Fort}
   (You acquired it on level 9 of the Dungeon)

   [ring of strength]

   Str:       It affects your strength (+6).
   Dex:       It affects your dexterity (+6).
   It has a curse which improves the following skills: Elements: Fire Magic, Ice
   Magic, Air Magic and Earth Magic.
   Fortitude: Shields.
 X - a ring of protection from cold (on tentacle)
Wands
 f - a wand of digging (4)
 g - a wand of acid (3)
 G - a wand of iceblast (28)
 T - a wand of flame (17)
Scrolls
 h - 14 scrolls of teleportation
 k - 3 scrolls of magic mapping
 t - 2 scrolls of amnesia
 u - 4 scrolls of fear
 v - 2 scrolls of enchant armour
 y - 3 scrolls of poison
 B - 5 scrolls of noise
 C - 4 scrolls of vulnerability
 F - a scroll of summoning
 H - 3 scrolls of fog
 P - 2 scrolls of silence
Potions
 a - 9 potions of lignification
 b - 7 potions of flight
 d - 6 potions of brilliance
 l - 4 potions of magic
 q - 10 potions of mutation
 w - 6 potions of cancellation
 x - 7 potions of attraction
 z - 2 potions of resistance
 A - 6 potions of might
 E - 6 potions of ambrosia
 N - 5 potions of haste
 S - 14 potions of curing
 V - 7 potions of heal wounds
 W - a potion of berserk rage
Miscellaneous
 i - a phantom mirror
 D - a condenser vane


   Skills:
 + Level 8.4(12.3) Fighting
 - Level 2.0 Dodging
 + Level 17.5(19.3) Unarmed Combat
 - Level 5.7(9.5) Spellcasting
 - Level 9.9(12.9) Summonings
 - Level 11.1(14.0) Translocations
 + Level 17.4(21.1) Transmutations
 - Level 11.9(13.8) Ice Magic
 + Level 12.4(14.3) Air Magic
 - Level 9.1(13.0) Poison Magic


You had 9 spell levels left.
You knew the following spells:

 Your Spells              Type           Power      Damage    Failure   Level
a - Ignite Poison         Fire/Tmut/Pois 83%        N/A       1%          3
b - Wereblood             Tmut           89%        N/A       0%          2
c - Manifold Assault      Tloc           72%        N/A       1%          5
d - Ice Form              Ice/Tmut       80%        N/A       1%          4
e - Summon Ice Beast      Ice/Summ       69%        N/A       1%          4
f - Frozen Ramparts       Ice            100%       1d12      1%          3
g - Storm Form            Tmut/Air       40%        N/A       1%          7

Your spell library contained the following spells:

 Spells                   Type           Power      Damage    Failure   Level
 Beastly Appendage        Tmut           100%       N/A       0%          1
 Freeze                   Ice            100%       1d11      0%          1
 Sting                    Tmut/Pois      100%       1d8       0%          1
 Blink                    Tloc           100%       N/A       0%          2
 Spider Form              Tmut/Pois      79%        N/A       0%          3
 Foxfire                  Conj/Fire      84%        2x1d8     1%          1
 Sandblast                Erth           26%        2d8       1%          1
 Ensorcelled Hibernation  Hex/Ice        98%        N/A       1%          2
 Passwall                 Tmut/Erth      50%        N/A       1%          2
 Poisonous Vapours        Pois/Air       100%       N/A       1%          2
 Static Discharge         Conj/Air       50%        3-10/arc  1%          2
 Mephitic Cloud           Conj/Pois/Air  57%        N/A       1%          3
 Corpse Rot               Necr/Pois/Air  57%        N/A       1%          4
 Hailstorm                Conj/Ice       49%        3d11      1%          4
 Olgreb's Toxic Radiance  Pois           69%        N/A       1%          4
 Petrify                  Tmut/Erth      61%        N/A       1%          4
 Freezing Cloud           Conj/Ice/Air   29%        6-21      1%          5
 Irradiate                Conj/Tmut      31%        3d22      1%          5
 Sublimation of Blood     Necr           14%        N/A       2%          2
 Lightning Bolt           Conj/Air       25%        1d41      2%          5
 Silence                  Hex/Air        25%        N/A       2%          5
 Dazzling Flash           Conj/Hex       28%        N/A       4%          3
 Statue Form              Tmut/Erth      40%        N/A       4%          6
 Conjure Flame            Conj/Fire      21%        6-21      5%          3
 Inner Flame              Hex/Fire       21%        N/A       5%          3
 Conjure Ball Lightning   Conj/Air       25%        3x3d7     14%         6
 Anguish                  Hex/Necr       7%         N/A       16%         4
 Animate Dead             Necr           14%        N/A       16%         4
 Flame Wave               Conj/Fire      21%        2d7       16%         4
 Simulacrum               Ice/Necr       24%        N/A       16%         6
 Maxwell's Capacitive Co  Air            36%        ∞         32%         8
 Disjunction              Tloc           36%        N/A       36%         8
 Borgnjor's Vile Clutch   Necr/Erth      7%         N/A       41%         5
 Death Channel            Necr           7%         N/A       91%         6
 Iron Shot                Conj/Erth      7%         9d2       92%         6
 Starburst                Conj/Fire      10%        6d5       92%         6
 Polar Vortex             Ice            35%        N/A       99%         9
 Discord                  Hex            7%         N/A       100%        8
 Animate Armour           Summ/Erth      Unusable   N/A       N/A         4

Dungeon Overview and Level Annotations

Branches:
Dungeon (15/15)            Temple (0/1) D:7            Lair (6/6) D:11
 Shoals (4/4) Lair:4       Spider (4/4) Lair:3        Slime (0/5) Lair:6
    Orc (2/2) D:9             Elf (0/3) Orc:2        Vaults (1/5) D:13
 Depths (0/4) D:15        Ossuary (visited)          Bailey (visited)
  IceCv (visited)

Altars:
Ashenzari
Cheibriados
Dithmenos
Elyvilon
Fedhas
Gozag
Hepliaklqana
Makhleb
Qazlal
Ru
Uskayaw
Vehumet
Xom
Yredelemnul
Zin
The Shining One
Jiyva

Shops:
D:7 =   D:8 (   D:12 [*?=(   Orc:1 ?   Orc:2 :((!   Shoals:1 *

Portals:
Abyss: D:11

Annotations:
D:4 2 runed translucent doors, Peppero's ghost, amateur GnFE
D:11 2 transporters, Megustar's ghost, journeyman DEFE
Lair:3 exclusion: oklob plant
Lair:6 1 runed translucent door, Cuuj's ghost, journeyman DEEE


Innate Abilities, Weirdness & Mutations

You cannot wear most types of armour.
You are amphibious.
You can wear up to eight rings at the same time.
Your skin changes colour to match your surroundings (Stealth+).
Your rubbery body absorbs attacks. (AC +1, EV +1)
((You are camouflaged when in or above water. (Stealth+)))
You have tentacles for arms and can constrict up to eight enemies at once.


Message History

You squeeze the ironbound convoker!
The ironbound convoker is heavily wounded.
You constrict the ironbound convoker.
The ironbound convoker hits you with a +0 morningstar!
The deep troll bites you. The deep troll closely misses you. x2
The ironbound convoker hits you but does no damage.
The deep troll bites you! The deep troll claws you!! The deep troll claws you.
You release your grip on the ironbound convoker.
The deep troll closely misses you. The deep troll claws you!
The deep troll claws you.
You see here a potion of brilliance.
The deep troll attacks as you move away!
The deep troll completely misses you. The deep troll closely misses you.
The deep troll barely misses you.
The ironbound convoker gestures at the ironbound preserver while chanting.
The ironbound preserver seems to grow stronger.
The deep troll completely misses you. The deep troll claws you. x2
An ironbound preserver opens the door.
Unknown command.
Casting: Storm Form (dangerous; 1% risk of failure)
Confirm with . or Enter, or press ? or * to list all spells.
Space momentarily warps into an impossible shape!
You hit the deep troll but do no damage. x2
You hit the ironbound preserver. The deep troll bites you!
The deep troll misses you. The deep troll claws you!
Unknown command.
The deep troll closely misses you. The deep troll claws you!
* * * LOW HITPOINT WARNING * * *
The deep troll barely misses you.
Casting: Manifold Assault (safe; 1% risk of failure)
Confirm with . or Enter, or press ? or * to list all spells.
You don't know that spell.
As you read the scroll of teleportation, it crumbles to dust.
You feel strangely unstable. The deep troll bites you!!
* * * LOW HITPOINT WARNING * * *
The deep troll claws you!
* * * LOW HITPOINT WARNING * * *
The deep troll claws you but does no damage.
The deep troll bites you!
You die...

#.... , #....# #....*
,,, , #....# , #.... ,
, , ,#....#,
#....#########....#
#.................#,,
#.................# ,
#......######'#...#,
#......#......#...#
#.....@#......#...#####
#...pTT#......#........
#.....T+......#........
#.....p#{.....#........
#......'......#.#######
#......########.#......
#...........(...#......
#...............#......
#...............#......


You could see an ironbound preserver (strong), 3 deep trolls and an ironbound
convoker.

Vanquished Creatures
  Nikola (Spider:2)
  Jorgrun (Spider:2)
  Rupert (Spider:1)
  Frances (Shoals:1)
  A kraken (Shoals:4)
  Agnes (Spider:3)
  3 sphinxes
  Kirke (Shoals:1)
  Roxanne (D:15)
  A frost giant (D:13)
  7 ghost moths
  Aizul (Spider:3)
  3 broodmothers (Spider:4)
  3 entropy weavers
  A spark wasp (Spider:4)
  3 minotaurs (Shoals:4)
  Josephine (D:11)
  4 merfolk impalers
  A great orb of eyes (Vaults:1)
  9 vault guards
  An ice dragon (D:11)
  2 ironbound frosthearts (Vaults:1)
  3 jorogumos
  5 boulder beetles
  4 hydras
  4 ogre magi (Orc:2)
  A merfolk aquamancer (Shoals:4)
  5 radroaches
  A catoblepas (D:15)
  6 satyrs (Shoals:4)
  3 merfolk avatars
  A death knight (D:13)
  8 centaur warriors
  13 two-headed ogres
  2 tengu warriors (D:15)
  Nergalle (D:11)
  3 skeletal warriors (D:15)
  8 pharaoh ants
  A goliath frog (Lair:6)
  3 sun moths
  6 sea snakes
  2 lindwurms (Vaults:1)
  12 steelbarb worms
  3 wizards
  3 orb spiders
  3 deep elf pyromancers (D:15)
  Pikel (D:8)
  23 harpies
  3 necromancers
  An orc knight (Orc:1)
  12 ugly things
  9 manticores
  18 fauns
  5 cyclopes
  24 wolf spiders
  3 orc sorcerers
  5 moths of wrath
  9 elephants (Lair:6)
  5 merfolk sirens
  An ice statue (IceCv)
  3 black mambas
  2 vault sentinels (Vaults:1)
  Maurice (D:8)
  3 torpor snails
  7 water nymphs
  3 centaur zombies (D:15)
  3 gargoyles
  17 cane toads
  An unseen horror (shapeshifter) (D:13)
  4 demonic crawlers
  6 rime drakes
  Maggie (D:7)
  6 freezing wraiths
  2 unseen horrors (D:11)
  3 kobold demonologists (D:12)
  3 efreet
  11 komodo dragons
  2 tengu conjurers (D:15)
  An entropy weaver simulacrum (IceCv)
  12 ice devils (IceCv)
  A burning bush (Lair:2)
  2 anaconda simulacra (IceCv)
  5 trolls
  19 merfolk
  2 tyrant leeches (Lair:6)
  4 wind drakes
  6 polar bears
  7 slime creatures
  31 tarantellas
  8 snapping turtles
  A dream sheep (Shoals:1)
  22 blink frogs
  22 jumping spiders
  2 centaur simulacra (D:13)
  9 wraiths
  2 shadows (D:11)
  5 humans (Bailey)
  27 culicivoras
  4 wyverns
  3 hogs (Shoals:1)
  A yak (shapeshifter) (D:13)
  2 fire elementals (Spider:1)
  42 yaks
  3 basilisks
  6 water elementals
  A steam dragon (D:8)
  15 vampire mosquitoes
  A redback simulacrum (D:13)
  2 death yak simulacra (IceCv)
  39 redbacks
  4 wargs
  2 harpy simulacra (IceCv)
  4 acid dragons
  19 water moccasins
  3 hell hounds (Spider:1)
  21 orc warriors
  3 sky beasts
  2 elephant zombies (Lair:4)
  3 ice beasts
  3 black bears
  24 ogres
  35 wolves
  A boggart (D:11)
  26 centaurs
  2 lemures (D:7)
  4 kobold brigands
  Blork the orc (D:5)
  A two-headed ogre simulacrum (IceCv)
  5 scorpions
  25 bullfrogs
  2 necrophages
  2 cane toad simulacra (IceCv)
  3 wights
  7 elephant simulacra (IceCv)
  6 howler monkeys
  2 electric eels (D:10)
  A basilisk zombie (Lair:4)
  15 orc priests
  A gnoll bouda (D:5)
  3 hounds
  21 orc wizards
  3 iguanas
  5 polar bear simulacra (IceCv)
  A boggart skeleton (D:15)
  5 hell rats (Lair:2)
  4 wolf simulacra (IceCv)
  9 mummies
  8 gnolls
  5 adders
  2 naga simulacra (IceCv)
  A shadow imp (D:5)
  2 white imps
  2 ufetubi
  3 worms (D:2)
  4 dart slugs
  68 orcs
  5 ball pythons
  8 endoplasms
  4 giant cockroaches
  12 goblins
  12 hobgoblins
  6 jackals (D:2)
  A quokka (D:4)
  4 bats
  5 frilled lizards
  2 hobgoblin zombies (Ossuary)
  19 kobolds
  3 kobold zombies (Ossuary)
  3 orc zombies (Ossuary)
  2 rats
  A plant (Shoals:2)
  3 tentacles (Shoals:4)
1116 creatures vanquished.

Vanquished Creatures (collateral kills)
  A broodmother (Spider:4)
  Azrael (Spider:1)
  A fire dragon (D:11)
  A vault guard (Bailey)
  A hydra (Lair:3)
  A centaur warrior (D:14)
  3 two-headed ogres
  A goliath frog (Lair:6)
  An orb spider (Spider:1)
  A deep troll (D:11)
  A deep elf pyromancer (D:12)
  A wolf spider (Spider:4)
  A black mamba (Lair:3)
  A manticore (Shoals:1)
  2 elephants (Lair:6)
  2 cane toads
  3 freezing wraiths (IceCv)
  2 komodo dragons
  A polar bear (Lair:3)
  A merfolk (Shoals:4)
  A burning bush (Lair:2)
  A tyrant leech (Lair:6)
  10 blink frogs
  A dream sheep (Shoals:1)
  2 slime creatures (D:12)
  3 culicivoras
  A jumping spider (Spider:4)
  4 yaks (Lair:6)
  A wraith (D:11)
  A wyvern (Lair:4)
  A human (Bailey)
  A vampire mosquito (D:9)
  A basilisk (Lair:2)
  2 orc warriors (Orc:2)
  A black bear (Lair:4)
  3 ogres (Orc:2)
  A centaur (D:13)
  4 wolves
  3 bullfrogs
  A komodo dragon zombie (Lair:4)
  2 orc priests (Orc:2)
  A basilisk zombie (Lair:4)
  2 orc wizards (Orc:2)
  A hell rat (Lair:2)
  A naga simulacrum (IceCv)
  9 orcs
86 creatures vanquished.

Vanquished Creatures (others)
  A two-headed ogre (Orc:2)
  A cyclops (D:14)
  A demonic crawler (Spider:1)
  Prince Ribbit (Bailey)
  A yak (D:8)
  A vampire mosquito (D:9)
  An orc warrior (Orc:2)
  42 fungi
  111 plants
  3 tentacles (Shoals:4)
163 creatures vanquished.

Grand Total: 1365 creatures vanquished

Notes
Turn   | Place    | Note
-------+----------+-------------------------------------------
     0 | D:1      | Mesmaeker13 the Octopode Transmuter began the quest for the
                  | Orb.
     0 | D:1      | Reached XP level 1. HP: 13/13 MP: 3/3
   182 | D:1      | Reached XP level 2. HP: 18/18 MP: 3/5
   725 | D:1      | Reached XP level 3. HP: 21/24 MP: 4/6
  1750 | D:2      | Learned a level 2 spell: Wereblood
  1957 | D:2      | Identified 2 scrolls of acquirement
  1957 | D:2      | Acquired the amulet of Vitality {RegenMP++ Regen++}
  1957 | D:2      | Found the amulet of Vitality {RegenMP++ Regen++}
  1967 | D:2      | Found the +3 hat of Pondering {ponderous, Will+ MP+10
                  | Int+5}
  1988 | D:2      | Reached XP level 4. HP: 29/29 MP: 7/7
  2031 | D:2      | Found a faded altar of an unknown god.
  2318 | D:3      | Learned a level 3 spell: Spider Form
  2753 | D:3      | Found an opulent altar of Gozag.
  2754 | D:3      | Found a burning altar of Makhleb.
  2755 | D:3      | Found a glowing golden altar of the Shining One.
  2755 | D:3      | Found a sacrificial altar of Ru.
  2776 | D:4      | Noticed a necrophage
  2903 | D:4      | Found a large runed translucent door.
  2904 | D:4      | Found a large runed translucent door.
  2928 | D:4      | Found a white marble altar of Elyvilon.
  2984 | D:4      | Found a sand-covered staircase.
  2994 | D:4      | Reached XP level 5. HP: 35/35 MP: 8/8
  2996 | Ossuary  | Entered an ossuary
  3066 | Ossuary  | Reached skill level 1 in Poison Magic
  3314 | D:4      | Reached XP level 6. HP: 42/42 MP: 9/9
  3587 | D:4      | Noticed Peppero's ghost (amateur GnFE)
  3642 | D:4      | Found a shimmering altar of Xom.
  3993 | D:5      | Entered Level 5 of the Dungeon
  4181 | D:5      | Reached XP level 7. HP: 33/47 MP: 10/10
  4320 | D:5      | Reached skill level 5 in Unarmed Combat
  4400 | D:5      | Found a broken altar of Ashenzari.
  4407 | D:5      | Became a worshipper of Ashenzari the Shackled
  4543 | D:5      | Reached XP level 8. HP: 54/54 MP: 11/11
  4566 | D:5      | Learned a level 4 spell: Ice Form
  4604 | D:5      | Reached skill level 5 in Transmutations
  4686 | D:5      | Noticed Blork the orc
  4703 | D:5      | Killed Blork the orc
  4704 | D:5      | Reached skill level 1 in Ice Magic
  4727 | D:5      | Found a glowing silver altar of Zin.
  5256 | D:6      | Reached skill level 5 in Fighting
  5536 | D:6      | Reached skill level 5 in Poison Magic
  5579 | D:6      | Noticed a gargoyle
  5773 | D:6      | Identified the +6 chain mail of Whack-A-Mole {Str+4 Int+2
                  | Dex+3}
  6266 | D:7      | Noticed Maggie
  6336 | D:7      | Found Qaosch's Jewellery Emporium.
  6344 | D:7      | Bought a ring of see invisible for 225 gold pieces
  6429 | D:7      | Reached XP level 9. HP: 54/61 MP: 12/12
  6553 | D:7      | Found a stormy altar of Qazlal.
  6573 | D:7      | Killed Maggie
  6739 | D:7      | Found a hide-covered altar of Uskayaw.
  6758 | D:7      | Found a staircase to the Ecumenical Temple.
  7034 | D:7      | Acquired 1088 gold pieces
  7110 | D:8      | Noticed Pikel
  7177 | D:8      | Killed Pikel
  7178 | D:8      | Reached XP level 10. HP: 56/69 MP: 13/13
  7316 | D:8      | Found a radiant altar of Vehumet.
  7358 | D:8      | Noticed a two-headed ogre
  7465 | D:6      | Killed a gargoyle
  7466 | D:6      | Reached skill level 5 in Ice Magic
  7641 | D:6      | Identified the +6 giant spiked club of Funec {vorpal,
                  | Contam rC++ SInv}
  8215 | D:8      | Noticed Maurice
  8238 | D:8      | Killed Maurice
  8370 | D:8      | Found Koraisitupp's Weapon Boutique.
  8906 | D:9      | Reached XP level 11. HP: 73/76 MP: 14/14
  9064 | D:9      | Found a hazy altar of Hepliaklqana.
  9147 | D:9      | Found a blossoming altar of Fedhas.
  9333 | D:9      | Found a staircase to the Orcish Mines.
  9411 | D:9      | Learned a level 4 spell: Summon Ice Beast
  9592 | D:9      | Noticed a boulder beetle
  9630 | D:8      | Killed a boulder beetle
  9631 | D:8      | Reached skill level 1 in Summonings
  9669 | D:9      | Noticed a red ugly thing
  9691 | D:9      | HP: 2/77 [red ugly thing (8)]
  9692 | D:9      | Killed a red ugly thing
  9756 | D:9      | Noticed a two-headed ogre
  9932 | D:9      | Killed a two-headed ogre
 10130 | D:9      | Acquired the ring "Aqexkyh" {Str+6 Dex+6}
 10161 | D:10     | Entered Level 10 of the Dungeon
 10331 | D:10     | Found a shadowy altar of Dithmenos.
 10418 | D:10     | Found a flagged portal.
 10432 | Bailey   | Entered a bailey
 10584 | Bailey   | Noticed a vault guard
 10584 | Bailey   | Noticed Prince Ribbit
 10593 | Bailey   | Your ally Prince Ribbit died
 10596 | Bailey   | Killed a vault guard
 10597 | Bailey   | Reached XP level 12. HP: 68/82 MP: 16/16
 10630 | Bailey   | Noticed a vault guard
 10640 | Bailey   | Killed a vault guard
 11136 | D:10     | Found a snail-covered altar of Cheibriados.
 11481 | D:11     | Noticed Nergalle
 11481 | D:11     | Noticed a two-headed ogre
 11495 | D:11     | Killed Nergalle
 11501 | D:11     | Killed a two-headed ogre
 11538 | D:11     | Reached * piety under Ashenzari
 11644 | D:11     | Found a frozen archway.
 11648 | D:11     | Noticed an ice dragon
 11680 | D:11     | Killed an ice dragon
 11681 | D:11     | Reached skill level 10 in Unarmed Combat
 11707 | IceCv    | Entered an ice cave
 11867 | IceCv    | Reached skill level 5 in Summonings
 11968 | IceCv    | Reached skill level 10 in Transmutations
 12139 | IceCv    | Learned a level 3 spell: Ignite Poison
 12220 | IceCv    | Found an ancient bone altar of Kikubaaqudgha.
 12257 | IceCv    | Reached XP level 13. HP: 88/88 MP: 20/20
 12275 | IceCv    | Reached skill level 5 in Spellcasting
 12594 | D:11     | Identified the +12 great sword of the Boiling Point
                  | {freeze, MP-9 Str+5 Int+3 Dex+4}
 12641 | D:11     | Found a staircase to the Lair.
 12650 | D:11     | Noticed Josephine
 12659 | D:11     | Killed Josephine
 12805 | D:11     | Found a transporter.
 12808 | D:11     | Found a one-way gate to the infinite horrors of the Abyss.
 12808 | D:11     | Noticed Megustar's ghost (journeyman DEFE)
 12824 | D:11     | Found a transporter.
 12876 | D:11     | Noticed a fire dragon
 13233 | Lair:1   | Entered Level 1 of the Lair of Beasts
 13245 | Lair:1   | Learned a level 3 spell: Frozen Ramparts
 13400 | Lair:1   | Identified the +5 spear of Dung {spect, rC+}
 13980 | Lair:1   | Reached ** piety under Ashenzari
 14345 | Lair:2   | Found a basalt altar of Yredelemnul.
 14838 | Lair:2   | Reached skill level 10 in Ice Magic
 15058 | Lair:3   | Found a hole to the Spider Nest.
 15517 | Lair:3   | Reached XP level 14. HP: 99/99 MP: 25/25
 16099 | Lair:4   | Found a staircase to the Shoals.
 16100 | Lair:4   | Reached *** piety under Ashenzari
 17990 | Lair:6   | Entered Level 6 of the Lair of Beasts
 18011 | Lair:6   | Found a viscous altar of Jiyva.
 18011 | Lair:6   | Found a staircase to the Slime Pits.
 18079 | Lair:6   | Found a runed translucent door.
 18080 | Lair:6   | Found a shimmering altar of Xom.
 18080 | Lair:6   | Noticed Cuuj's ghost (journeyman DEEE)
 18594 | Lair:6   | Reached XP level 15. HP: 107/107 MP: 27/27
 18856 | Lair:6   | Identified Biptezif's Precepts of the Locust
 18976 | Lair:6   | Reached skill level 1 in Air Magic
 19085 | Lair:6   | Identified the +6 battleaxe "Z" {chaos, *Rage rF+ rC+++
                  | Int+4}
 19865 | Orc:1    | Entered Level 1 of the Orcish Mines
 19888 | Orc:1    | Found Lys Qumu's Magic Scroll Shoppe.
 20093 | Orc:2    | Entered Level 2 of the Orcish Mines
 20696 | Orc:2    | Found a staircase to the Elven Halls.
 21070 | Orc:2    | Found Ecramogu's Book Boutique.
 21070 | Orc:2    | Found Vuutif's Antique Weapon Emporium.
 21072 | Orc:2    | Found Beffuurch's Antique Weapon Emporium.
 21072 | Orc:2    | Found Zoeca's Distillery.
 21109 | Orc:2    | Reached skill level 5 in Air Magic
 21242 | Orc:2    | Bought a potion of flight for 42 gold pieces
 21242 | Orc:2    | Bought a potion of heal wounds for 70 gold pieces
 21242 | Orc:2    | Bought a potion of heal wounds for 70 gold pieces
 21253 | Orc:2    | Learned a level 7 spell: Storm Form
 21415 | D:12     | Found Wuerhio's Antique Weapon Boutique.
 21478 | D:12     | Found Bocyakhu's Magic Scroll Shoppe.
 21484 | D:12     | Found Lamo's Assorted Antiques.
 21601 | D:12     | Reached skill level 1 in Translocations
 21613 | D:12     | Bought 2 potions of heal wounds for 240 gold pieces
 21724 | D:12     | Found Viruisch's Jewellery Emporium.
 21727 | D:12     | Bought a +4 ring of slaying for 936 gold pieces
 21771 | D:12     | Found Vaorah's Armour Shoppe.
 21928 | D:13     | Found a gate to the Vaults.
 21943 | D:13     | Reached XP level 16. HP: 109/113 MP: 28/28
 23449 | D:15     | Entered Level 15 of the Dungeon
 23682 | D:15     | Found a staircase to the Depths.
 23716 | D:15     | Identified Roxanne's Opusculum on the Geologist
 23716 | D:15     | Noticed Roxanne
 23752 | D:15     | Reached skill level 5 in Translocations
 23789 | D:15     | Reached **** piety under Ashenzari
 24196 | D:15     | Learned a level 5 spell: Manifold Assault
 24550 | D:15     | Killed Roxanne
 24665 | D:11     | Reached skill level 15 in Unarmed Combat
 24711 | D:11     | Noticed a sphinx
 24730 | D:11     | Killed a sphinx
 25035 | Spider:1 | Entered Level 1 of the Spider Nest
 25049 | Spider:1 | Noticed Azrael
 25063 | Spider:1 | Reached skill level 15 in Transmutations
 25067 | Spider:1 | Killed Azrael
 25088 | Lair:3   | Reached XP level 17. HP: 79/119 MP: 30/30
 25228 | Spider:1 | Noticed Rupert
 25251 | Spider:1 | Killed Rupert
 25374 | Spider:1 | Identified the +1 ring mail of Boredom {*Slow Will+ Str+6
                  | Stlth+}
 25726 | Spider:2 | Noticed Jorgrun
 25733 | Spider:2 | Killed Jorgrun
 25958 | Spider:2 | Noticed Nikola
 25970 | Spider:2 | Killed Nikola
 26928 | Spider:3 | Noticed Agnes
 26936 | Spider:3 | Killed Agnes
 27106 | Spider:3 | Noticed Aizul
 27118 | Spider:3 | Killed Aizul
 27502 | Spider:4 | Entered Level 4 of the Spider Nest
 27593 | Spider:4 | Reached skill level 10 in Air Magic
 27678 | Spider:4 | Reached XP level 18. HP: 123/126 MP: 0/31
 27891 | Spider:4 | Identified the +1 robe "Rudghan" {Int+2 Slay+2 Stlth-}
 28307 | Spider:4 | Got a gossamer rune of Zot
 28654 | D:7      | Bought a ring of protection from cold for 375 gold pieces
 28809 | Shoals:1 | Entered Level 1 of the Shoals
 28824 | Shoals:1 | Noticed Frances
 28840 | Shoals:1 | Killed Frances
 28970 | Shoals:1 | Noticed Kirke
 28978 | Shoals:1 | Paralysed by a sphinx for 4 turns
 28982 | Shoals:1 | Identified the cursed ring "Shattered Foul Odours" {rF+,
                  | Alch, Bglg} (You found it on level 1 of the Dungeon)
 28982 | Shoals:1 | Identified the cursed ring of the Chained Sage {EV+4, Alch,
                  | Self} (You found it on level 2 of the Dungeon)
 28982 | Shoals:1 | Identified the cursed ring of Ouranomancy {Will+, Fort,
                  | Alch} (You found it on level 5 of the Dungeon)
 28982 | Shoals:1 | Identified the cursed ring of the Gnostic Sky {Wiz, Self,
                  | Comp} (You found it on level 5 of the Dungeon)
 29266 | Shoals:1 | Found Fotyc's Assorted Antiques.
 29293 | Shoals:1 | Bought a potion of heal wounds for 155 gold pieces
 29293 | Shoals:1 | Bought a scroll of magic mapping for 232 gold pieces
 29437 | Shoals:1 | Killed Kirke
 29571 | Shoals:1 | Reached skill level 10 in Translocations
 30742 | Shoals:4 | Entered Level 4 of the Shoals
 30909 | Shoals:4 | Reached XP level 19. HP: 123/131 MP: 27/32
 30995 | Shoals:4 | Identified Zeoff's Quarto of Putrescence and the Welkin
 31124 | Shoals:4 | Identified the +6 morningstar of Foallun {venom, *Noise Fly
                  | rF- Str+5}
 31143 | Shoals:4 | Identified the +6 dagger "Ytet" {pain, *Corrode rF+ rC+
                  | Stlth+}
 31220 | Shoals:4 | Got a barnacled rune of Zot
 31569 | Lair:4   | Upgraded the game from 0.29-a0-830-gcb1280458a to
                  | 0.29-a0-834-g1e95ca9f62
 31759 | Vaults:1 | Entered Level 1 of the Vaults
 32547 | Vaults:1 | HP: 4/132 [deep troll[an ironbound preserver] (14)]
 32547 | Vaults:1 | Slain by a deep troll

Illustrated notes

Levels and vault maps discovered:
D:1:      dpeg_arrival_court, layout_basic, st_stairs_6
D:2:      layout_rooms, basic_ecumenical_altar
D:3:      layout_basic, mainiacjoe_overflow_alcove_3, hangedman_decor_growths
D:4:      layout_basic, mainiacjoe_overflow_tiny_flanked,
          nicolae_elyvilon_temple_path, gup_ossuary_entry_pyramid,
          ebering_ghost_disaster_area
D:5:      layout_basic, zin_treasury, ashenzari_altar_1, uniq_blork_the_orc
D:6:      minmay_cornered_nines, layout_basic, minivault_24, minmay_puff
D:7:      layout_cave_pods, mainiacjoe_overflow_paths, amcnicky_altar_gilded,
          temple_statues, serial_shops,
          nicolae_shop_competitors_out_of_business,
          chequers_serial_rivers_small_a, uniq_maggie
D:8:      layout_basic, kennysheep_little_box, serial_shops,
          nicolae_shop_bloodbath_and_beyond, uniq_pikel, uniq_maurice
D:9:      layout_irregular_city, nicolae_hepliaklqana_hippocampus,
          mainiacjoe_overflow_catwalk, erik_orc_3,
          minmay_fractal_squares_gapless_7
D:10:     cheibrodos_helix_gallery, layout_loops_corners, kennysheep_mini,
          general_overflow_altar, enter_bailey_5, grunt_ministairs_8
D:11:     minmay_chopped_fan, layout_irregular_city, erik_lair_orcish_takeover,
          gammafunk_ghost_abyssal_escape, serial_glass, glass_columns_b,
          glass_columns_b, portal_ice_cave_entry_animals_and_master,
          uniq_josephine, uniq_nergalle
D:12:     layout_cross, serial_shops, kennysheep_mini_moat, shop_statue,
          shop_fountains, nicolae_diamond_shop, shop, kennysheep_generic_room_14
D:13:     minmay_coctagon, layout_loops_cross, erik_vaults_2
D:14:     layout_rooms, hellmonk_bongcloud_opening, kennysheep_generic_room_11
D:15:     grunt_enter_depths_magical_seal, layout_basic, serial_curves,
          eino_curves_02, eino_curves_03, uniq_roxanne
Lair:1:   layout_cave_pods
Lair:2:   layout_regular_city, basic_altar, evilmike_ambush
          [evilmike_ambush_outer_basic, evilmike_ambush_inner_basic],
          grunt_megastairs_5, lemuel_fruit_tree
Lair:3:   layout_roguey, hellmonk_spider_entry_life_and_decay,
          minmay_lair_oklob_items, minmay_shattered_shrine
Lair:4:   pond_and_an_island_with_a_cottage, layout_layer_cave,
          elwin_shoals_entry_rocks, nicolae_lair_run_with_the_wolves
Lair:5:   layout_loops_ring
Lair:6:   minmay_lair_end_frog_pond, layout_layer_cave, slime_entry_1,
          ebering_ghost_xom
Shoals:1: layout_shoals, serial_shops, nicolae_lakefront_shop, uniq_frances,
          uniq_kirke
Shoals:2: layout_shoals
Shoals:3: layout_shoals
Shoals:4: shoals_end_hellmonk_lost_city
Spider:1: layout_spider_delve, uniq_azrael, uniq_rupert
Spider:2: layout_spider_delve, uniq_jorgrun, uniq_nikola
Spider:3: layout_chambers, uniq_aizul, uniq_agnes
Spider:4: grunt_spider_rune_parallel, hellmonk_motheaten_closet
Orc:1:    layout_diamond_mine, basic_altar, serial_shops, shop
Orc:2:    st_orc_ogre_mass, layout_diamond_mine
Vaults:1: vaults_dpeg_hooks, v_misc_13, hangedman_vaults_capsules, v_misc_24,
          v_alt_pattern_3, layout_vaults_omnigrid

Skill      XL: |  1  2  3  4  5  6  7  8  9 10 11 12 13 14 15 16 17 18 19 |
---------------+----------------------------------------------------------+-----
Fighting       | 2 3 4 5 6 7 8 |  8.4
Transmutations | 3 4 5 6 7 9 10 11 12 14 15 16 17 | 17.4
Poison Magic   | 2 3 4 5 7 8 9 |  9.1
Unarmed Combat | 4 5 6 7 8 9 10 11 12 14 15 16 17 | 17.5
Ice Magic      | 2 4 6 7 9 10 11 | 11.9
Summonings     | 3 5 7 9 |  9.9
Spellcasting   | 4 5 |  5.7
Air Magic      | 5 8 10 11 12 | 12.4
Translocations | 2 6 8 10 11 | 11.1
Dodging        | |  2.0

Action                   |  1- 3 |  4- 6 |  7- 9 | 10-12 | 13-15 | 16-18 | 19-21 || total
-------------------------+-------+-------+-------+-------+-------+-------+-------++-------
Melee: Unarmed           |    37 |   148 |   219 |   522 |   796 |   817 |   158 ||  2697
       Tentacles         |    10 |    24 |     5 |     4 |    15 |     5 |     1 ||    64
       Constrict         |    19 |    39 |     3 |     3 |     6 |     5 |     2 ||    77
       Kick              |    14 |    47 |     5 |       |       |       |       ||    66
       Whip              |    34 |       |       |       |       |       |       ||    34
       Punch             |     5 |     6 |     1 |     1 |     6 |    88 |    13 ||   120
       Staff             |       |       |       |       |    22 |    12 |     8 ||    42
Throw: Boomerang         |       |    10 |    13 |       |       |       |       ||    23
       Dart              |       |     3 |     9 |     9 |     1 |       |       ||    22
       Throwing net      |       |       |       |     2 |       |       |       ||     2
 Cast: Beastly Appendage |    20 |    37 |     7 |       |       |       |       ||    64
       Wereblood         |       |     8 |     8 |    19 |    19 |    12 |     2 ||    68
       Spider Form       |       |     3 |    21 |     3 |     3 |       |       ||    30
       Ice Form          |       |       |     4 |    37 |    71 |    12 |       ||   124
       Summon Ice Beast  |       |       |       |    13 |    95 |    47 |     7 ||   162
       Frozen Ramparts   |       |       |       |       |    64 |    37 |     2 ||   103
       Ignite Poison     |       |       |       |       |     1 |       |       ||     1
       Storm Form        |       |       |       |       |     3 |    60 |    10 ||    73
       Manifold Assault  |       |       |       |       |       |    61 |    27 ||    88
Invok: Curse Item        |       |       |       |     2 |     4 |     1 |       ||     7
 Abil: End Transformatio |       |       |       |       |       |     1 |       ||     1
Evoke: Wand              |       |       |     5 |    21 |    19 |    22 |     1 ||    68
       Condenser vane    |       |       |       |     1 |     2 |     2 |       ||     5
  Use: Scroll            |     1 |     6 |     3 |     6 |     2 |     4 |     1 ||    23
       Potion            |       |       |       |     5 |       |     7 |       ||    12
 Stab: Sleeping          |     6 |     3 |     1 |     1 |     4 |     2 |       ||    17
       Invisible         |       |       |       |     3 |       |       |       ||     3
       Distracted        |       |       |       |     1 |     6 |     4 |     1 ||    12
       Confused          |       |       |       |       |     4 |       |       ||     4
Armor: Skin              |     1 |    16 |     8 |   139 |   199 |   162 |    33 ||   558
Dodge: Dodged            |    43 |    96 |   203 |   367 |   507 |   615 |   127 ||  1958

Table legend: (Time is in decaauts)
 A = Elapsed time spent in this place.
 B = Non-inter-level travel time spent in this place.
 C = Inter-level travel time spent in this place.
 D = Time resting spent in this place.
 E = Time spent auto-exploring this place.
 F = Levels seen in this place.
 G = Mean time per level.
                   A        B        C        D        E       F      G
               +--------+--------+--------+--------+--------+-----+--------+
         Total |  32219 |  29721 |   2498 |   2049 |  18297 |  35 |  920.5 |
       Dungeon |  15661 |  14271 |   1390 |   1205 |   8963 |  15 | 1044.1 |
          Lair |   6836 |   6179 |    657 |    253 |   4468 |   6 | 1139.3 |
        Shoals |   2727 |   2558 |    169 |     66 |   1473 |   4 |  681.8 |
   Spider Nest |   3347 |   3159 |    188 |     92 |   2045 |   4 |  836.8 |
  Orcish Mines |   1443 |   1351 |     92 |     16 |    665 |   2 |  721.5 |
        Vaults |    789 |    789 |      0 |    101 |    562 |   1 |  789.0 |
       Ossuary |    270 |    270 |      0 |     21 |     94 |   1 |  270.0 |
        Bailey |    348 |    348 |      0 |    160 |      0 |   1 |  348.0 |
      Ice Cave |    794 |    794 |      0 |    133 |     27 |   1 |  794.0 |
               +--------+--------+--------+--------+--------+-----+--------+

Top non-repeatable levels by time:
  Lair:6: 1624 daAuts
     D:1: 1492 daAuts
     D:9: 1442 daAuts
  Lair:4: 1374 daAuts
     D:6: 1369 daAuts
     D:5: 1296 daAuts
  Lair:1: 1282 daAuts
    D:11: 1258 daAuts
Spider:3: 1193 daAuts
    D:10: 1163 daAuts
    D:15: 1127 daAuts
     D:8: 1090 daAuts
     D:7: 1085 daAuts
  Lair:3: 1007 daAuts
    D:13: 975 daAuts
